 Dungeon Crawl Stone Soup version 0.22.0-16-gc6d26f69f9 (webtiles) character file.

35 Htamos the Gusty (level 3, -1/30 HPs)
             Began as a Naga Air Elementalist on Aug 17, 2018.
             Slain by an ooze (3 damage)
             ... on level 2 of the Dungeon.
             The game lasted 00:04:34 (1401 turns).

Htamos the Gusty (Naga Air Elementalist)            Turns: 1401, Time: 00:04:35

Health: -1/30      AC:  3    Str: 15    XL:     3   Next: 33%
Magic:  2/6        EV: 15    Int: 16    God:
Gold:   101        SH:  0    Dex: 16    Spells: 5/6 levels left

rFire    . . .     SeeInvis +   (no weapon)
rCold    + . .     Gourm    .   (no shield)
rNeg     . . .     Faith    .   a - +0 robe
rPois    +         Spirit   .   d - +0 helmet
rElec    .         Reflect  .   (no cloak)
rCorr    .         Harm     .   (no gloves)
MR       .....                  (no barding)
Stlth    +++.......             (no amulet)
HPRegen  0.10/turn              (no ring)
MPRegen  0.10/turn              (no ring)

@: mighty, agile, berserk cooldown, very slightly contaminated, slowed, very
slow
A: large, claws 1, see invisible, cold resistance 1, deformed body, poison
resistance, slowness 2, slow metabolism 1, spit poison 1, AC +1
a: Spit Poison


You were on level 2 of the Dungeon.
You were hungry.

You visited 1 branch of the dungeon, and saw 2 of its levels.

You collected 101 gold pieces.

Inventory:

Hand Weapons
 l - a +0 hand axe of venom
Missiles
 b - 76 stones (quivered)
 i - 3 tomahawks
Armour
 a - a +0 robe (worn)
 d - a +0 helmet (worn)
Jewellery
 g - a +4 ring of protection {unknown}
 q - an uncursed ring of resist corrosion {unknown}
Scrolls
 f - a scroll of identify {unknown}
 j - 2 scrolls of enchant armour {unknown}
 m - 2 scrolls of immolation {unknown}
 p - a scroll of remove curse {unknown}
Comestibles
 c - 5 rations
 n - a chunk of flesh


   Skills:
 + Level 0.7 Fighting
 + Level 1.8 Dodging
 + Level 3.4 Stealth
 + Level 2.3 Spellcasting
 + Level 1.2 Conjurations
 * Level 3.4 Air Magic


You had 5 spell levels left.
You knew the following spells:

 Your Spells              Type           Power        Failure   Level  Hunger
a - Shock                 Conj/Air       #...         8%          1    #......

Your spell library contained the following spells:

 Spells                   Type           Power        Failure   Level  Hunger
 Lightning Bolt           Conj/Air       #.........   91%         5    ######.
 Swiftness                Chrm/Air       #.......     16%         2    ###....
 Airstrike                Air            ##........   43%         4    #####..
 Static Discharge         Conj/Air       #.......     22%         3    ###....


Dungeon Overview and Level Annotations

Branches:
Dungeon (2/15)

Altars:


Innate Abilities, Weirdness & Mutations

You cannot wear boots.
Your serpentine skin is tough. (AC +1)
You have supernaturally acute eyesight. (SInv)
Armour fits poorly on your strangely shaped body.
Your system is resistant to poisons. (rPois)
You cover ground very slowly.
You have a slow metabolism.
You can spit poison.
You have sharp fingernails.
Your flesh is cold resistant. (rC+)


Message History

It was a potion of berserk rage.
A red film seems to cover your vision as you go berserk!
You feel yourself moving faster!
You feel mighty!
The adder hisses angrily.
The gnoll misses you. The ooze closely misses you.
You feel a strong urge to attack something.
You feel your anger nearly subside.
The ooze jiggles.
You are no longer berserk.
You are exhausted.
You feel yourself slow down.
It was a potion of might.
You feel very mighty all of a sudden. The ooze hits you.
* * * LOW HITPOINT WARNING * * *
The ooze closely misses you.
It was a potion of mutation.
You feel extremely strange.
You feel resistant to cold.
Your fingernails lengthen.
The kobold closely misses you. The ooze hits you.
You die...

...#
#.....................
..##
##.###.####.##########.
### #..# #..# #.#
##..####.###.#
###............#
###.....####.##..#
.......## #..#..#
.....### ##.##.# ######
.##@########
#..#JK.......
#.#g##########.
#.......g.w....
##.#...#gg.....
#.#...#.g...(.
#..S..#.###...
##......# .. #..##### #


You could see a gnoll, an ooze, an adder and a kobold.

Vanquished Creatures
  A worm (D:2)
  A dart slug (D:2)
  A leopard gecko (D:2)
  A giant cockroach (D:2)
  5 goblins
  4 hobgoblins
  A quokka (D:2)
  A bat (D:1)
  6 frilled lizards
  9 rats
30 creatures vanquished.

Notes
Turn   | Place    | Note
-------+----------+-------------------------------------------
     0 | D:1      | Htamos the Naga Air Elementalist began the quest for the Orb.
     0 | D:1      | Reached XP level 1. HP: 15/15 MP: 3/3
   212 | D:1      | Reached XP level 2. HP: 18/22 MP: 1/5
  1071 | D:2      | Reached XP level 3. HP: 30/30 MP: 1/6
  1401 | D:2      | Gained mutation: Your flesh is cold resistant. (rC+) [potion of mutation]
  1401 | D:2      | Gained mutation: You have sharp fingernails. [potion of mutation]
  1401 | D:2      | Slain by an ooze

Action                   || total
-------------------------++-------
Melee: Unarmed           ||    10
Throw: Stone             ||    40
 Cast: Shock             ||    53
  Use: Potion            ||     5
  Eat: Chunk             ||     1
Armor: Robe              ||    17
Dodge: Dodged            ||    38
